AoeStats
← TempS

Arena

509599530Analyzed
1v1 RM · 6d ago on Sep 27, 2026· 74m 45s· 2 players
Game mode
Random Map
Map size
Tiny (2 player)
Population
200
Speed
Normal
Resources
Standard
Victory
Conquest
Starting age
Dark Age
Ending age
Imperial Age
RankedLock teamsTeams togetherTeam positionsShared explorationLock speedFull tech treeHidden civsTurbo modeCheats
Victory
Defeat
🇸🇪 Sicilians · Sweden
737
+17
🇦🇺 Celts · Australia
767
-17
TempS
12:24 Feudal Age
12:51 Horse Collar
17:31 Castle Age
16:09 Double-Bit Axe
17:25 Fletching
17:45 Crossbowman
19:39 Bow Saw
19:22 Gold Mining
21:19 Ballistics
21:08 Padded Archer Armor
21:17 Bodkin Arrow
23:42 Wheelbarrow
24:35 Heavy Plow
25:42 Gold Shaft Mining
24:57 Stone Mining
27:13 Loom
29:45 Scale Mail Armor
29:59 Forging
30:05 Leather Archer Armor
30:48 Stone Shaft Mining
31:04 Masonry
33:14 Hand Cart
32:45 Town Watch
36:43 Imperial Age
34:26 Murder Holes
36:18 Chain Mail Armor
36:39 Iron Casting
37:37 Bracer
38:08 Plate Mail Armor
38:50 Chemistry
37:40 Arrowslits
38:42 Conscription
38:15 Elite Serjeant
39:35 Hoardings
40:49 Town Patrol
41:54 Blast Furnace
41:08 Siege Engineers
41:22 Arbalester
46:23 Onager
51:16 Squires
51:02 Arson
54:39 Capped Ram
56:09 Crop Rotation
56:01 Siege Ram
Theoderic
11:58 Feudal Age
13:16 Wheelbarrow
12:26 Horse Collar
12:34 Double-Bit Axe
20:38 Castle Age
18:07 Man-at-Arms
19:08 Gold Mining
21:37 Hand Cart
23:14 Gambesons
23:35 Scale Mail Armor
24:33 Long Swordsman
25:49 Heavy Plow
26:02 Bow Saw
30:00 Ballistics
30:45 Gold Shaft Mining
30:01 Stone Mining
30:10 Loom
36:18 Imperial Age
33:38 Town Watch
36:46 Heavy Scorpion
38:55 Furor Celtica
38:52 Onager
39:56 Chain Mail Armor
39:56 Capped Ram
41:32 Conscription
41:17 Pikeman
42:51 Siege Onager
43:42 Siege Ram
49:31 Two-Handed Swordsman
54:59 Elite Skirmisher
56:36 Fletching
56:46 Padded Archer Armor
57:17 Plate Mail Armor
56:59 Forging
56:55 Scale Barding Armor
56:41 Light Cavalry
57:25 Husbandry
57:27 Bodkin Arrow
58:18 Hussar
67:26 Siege Engineers
Connection lost

Rejoining the realm…

Still unreachable

The connection could not be restored.

Session expired

The server has moved on; the page needs a fresh start.